 Dungeon Crawl Stone Soup version 0.30-a0-364-gf6b3ef1049 (webtiles) character file.

Game seed: 14516664056239788904

1159 Engwar the Trooper (level 8, -2/62 HPs)
             Began as a Djinni Hedge Wizard on Nov 16, 2022.
             Shot with an arrow by a centaur (11 damage)
             ... on level 6 of the Dungeon.
             The game lasted 00:11:44 (3857 turns).

Engwar the Trooper (Djinni Hedge Wizard)            Turns: 3857, Time: 00:11:44

Health: -2/62      AC:  6    Str:  9    XL:     8   Next: 66%
Gold:   310        EV: 12    Int: 24    God:
                   SH:  0    Dex: 13

rFire   + + .      SeeInvis .    r - +1 dagger (venom)
rCold   x . .      Faith    .    (no shield)
rNeg    . . .      Spirit   .    b - +0 robe
rPois   ∞          Reflect  .    c - +0 hat
rElec   .          Harm     .    (no cloak)
rCorr   .          Rampage  .    (no gloves)
Will    .....                    (boots unavailable)
Stlth   ++........               d - amulet of regeneration
HPRegen 1.10/turn                s - +4 ring of protection
MPRegen 0.00/turn                p - +6 ring of intelligence

@: flying
A: sickness immunity, fire resistance 2, cold vulnerability 1, float, innate
caster, HP casting, extra vitality 1
a: no special abilities


You were on level 6 of the Dungeon.
You visited 1 branch of the dungeon, and saw 6 of its levels.

You collected 310 gold pieces.

Inventory:

Hand Weapons
 r - a +1 dagger of venom (weapon)
Armour
 b - a +0 robe (worn)
 c - a +0 hat (worn)
Jewellery
 d - an amulet of regeneration (around neck)
 e - a ring of see invisible
 l - a ring of wizardry
 p - a +6 ring of intelligence (right hand)
 s - a +4 ring of protection (left hand)
Scrolls
 j - a scroll of vulnerability
 o - a scroll of fog
 v - a scroll of teleportation
Potions
 a - a potion of magic {unknown}
 f - 3 potions of heal wounds
 g - 2 potions of flight {unknown}
 h - 2 potions of attraction {unknown}
 i - 4 potions of brilliance
 k - a potion of invisibility {unknown}
 m - a potion of cancellation {unknown}
 n - a potion of haste {unknown}
 u - a potion of curing {unknown}
 z - a potion of ambrosia {unknown}


   Skills:
 + Level 6.7 Fighting
 - Level 2.1 Dodging
 - Level 1.5 Stealth
 + Level 5.8 Spellcasting


You had one spell level left.
You knew the following spells:

 Your Spells              Type           Power      Damage    Failure   Level
a - Magic Dart            Conj           100%       1d8       1%          1
b - Slow                  Hex            100%       N/A       1%          1
c - Blink                 Tloc           68%        N/A       1%          2
d - Call Imp              Summ           34%        N/A       1%          2
e - Cigotuvi's Dreadful   Necr/Pois/Air  68%        N/A       1%          2
f - Mephitic Cloud        Conj/Pois/Air  34%        N/A       2%          3
g - Beastly Appendage     Tmut           68%        N/A       1%          1
h - Wereblood             Tmut           34%        N/A       1%          2
i - Teleport Other        Tloc           34%        N/A       2%          3
Your spell library was empty.

Dungeon Overview and Level Annotations

Branches:
Dungeon (6/15)
 Temple: D:4-7

Altars:
Elyvilon
Qazlal

Annotations:
D:1 2 transporters
D:6 Blork the orc


Innate Abilities, Weirdness & Mutations

You are immune to sickness and miasma.
You are immune to poison.
Your flesh is very heat resistant. (rF++)
You are vulnerable to cold. (rC-)
You float through the air rather than walking.
You learn spells naturally, not from books.
Your magical power is your life essence.
You have superior vitality. (+4 MHP)


Message History

The magic dart hits the centaur but does no damage.
The centaur is lightly wounded.
The centaur shoots an arrow.
The arrow closely misses you.
Casting: Magic Dart (safe; 1% risk of failure)
Confirm with . or Enter, or press ? or * to list all spells.
Aiming: Magic Dart (safe; 1% risk of failure)
Press: ? - help, Shift-Dir - straight line, f/p - centaur
Aim: a centaur, wielding a +0 shortbow (lightly wounded, 100% to hit)
The magic dart hits the centaur.
The centaur is moderately wounded.
The centaur shoots an arrow.
The arrow hits you!
Casting: Magic Dart (safe; 1% risk of failure)
Confirm with . or Enter, or press ? or * to list all spells.
Aiming: Magic Dart (safe; 1% risk of failure)
Press: ? - help, Shift-Dir - straight line, f/p - centaur
Aim: a centaur, wielding a +0 shortbow (moderately wounded, 100% to hit)
The magic dart hits the centaur but does no damage.
The centaur is moderately wounded.
The centaur shoots an arrow.
The arrow hits you!
The centaur shoots an arrow.
The arrow hits you!
Casting: Magic Dart (safe; 1% risk of failure)
Confirm with . or Enter, or press ? or * to list all spells.
Aiming: Magic Dart (safe; 1% risk of failure)
Press: ? - help, Shift-Dir - straight line, f/p - centaur
Aim: a centaur, wielding a +0 shortbow (moderately wounded, 100% to hit)
The magic dart hits the centaur but does no damage.
The centaur is moderately wounded.
The centaur shoots an arrow.
The arrow hits you!
Casting: Magic Dart (safe; 1% risk of failure)
Confirm with . or Enter, or press ? or * to list all spells.
Aiming: Magic Dart (safe; 1% risk of failure)
Press: ? - help, Shift-Dir - straight line, f/p - centaur
Aim: a centaur, wielding a +0 shortbow (moderately wounded, 100% to hit)
The magic dart hits the centaur.
The centaur is heavily wounded.
* * * LOW HITPOINT WARNING * * *
The centaur shoots an arrow.
The arrow hits you!
* * * LOW HITPOINT WARNING * * *
The centaur shoots an arrow.
The arrow hits you!
You die...

.. #.## ## ##....
#.## ###......
##..###........
#...##.....[...
#..............
.##.<)).........
..........@........
...../.###.#.......
....#.# #.........
.....# .....##...
..... ........ ..
.... ........ . ...
....c....[
####?.....


You could see a centaur.

Vanquished Creatures
  An ice beast (D:6)
  An ogre (D:6)
  2 phantoms
  A bullfrog (D:5)
  A gnoll sergeant (D:6)
  2 scorpions
  2 orc priests (D:6)
  3 hounds
  A jelly (D:5)
  3 iguanas (D:5)
  4 orc wizards
  3 gnolls
  8 adders
  An ufetubus (D:5)
  3 worms
  5 dart slugs
  6 orcs
  7 bats (D:1)
  4 endoplasms
  5 giant cockroaches
  13 goblins
  6 hobgoblins
  16 jackals
  7 kobolds
  4 quokkas
  9 ball pythons
  2 frilled lizards (D:1)
  7 rats
127 creatures vanquished.

Vanquished Creatures (collateral kills)
  3 jackals (D:3)
3 creatures vanquished.

Vanquished Creatures (others)
  A plant (D:1)
1 creature vanquished.

Grand Total: 131 creatures vanquished

Notes
Turn   | Place    | Note
-------+----------+-------------------------------------------
     0 | D:1      | Engwar the Djinni Hedge Wizard began the quest for the Orb.
     0 | D:1      | Engwar set off with the following spells memorised: Magic
                  | Dart, Slow, Blink, Call Imp, Cigotuvi's Dreadful Rot,
                  | Mephitic Cloud.
     0 | D:1      | Reached XP level 1. HP: 15/15 MP: 0/0
   111 | D:1      | Reached XP level 2. HP: 21/22 MP: 0/0
   130 | D:1      | Reached skill level 1 in Fighting
   410 | D:1      | Reached XP level 3. HP: 26/27 MP: 0/0
   410 | D:1      | Learned a level 1 spell: Beastly Appendage
   592 | D:1      | Reached skill level 2 in Fighting
   699 | D:1      | Found a faded altar of an unknown god.
   892 | D:2      | Reached XP level 4. HP: 28/33 MP: 0/0
  1294 | D:2      | Reached XP level 5. HP: 38/40 MP: 0/0
  1294 | D:2      | Learned a level 2 spell: Wereblood
  1718 | D:3      | Reached skill level 3 in Fighting
  2182 | D:3      | Reached XP level 6. HP: 11/47 MP: 0/0
  2429 | D:4      | Found a stormy altar of Qazlal.
  2509 | D:3      | Reached skill level 4 in Fighting
  2791 | D:5      | Entered Level 5 of the Dungeon
  2804 | D:5      | Found a white marble altar of Elyvilon.
  2900 | D:5      | Reached XP level 7. HP: 53/53 MP: 0/0
  2900 | D:5      | Learned a level 3 spell: Teleport Other
  3045 | D:5      | Reached skill level 5 in Fighting
  3564 | D:6      | Reached skill level 5 in Spellcasting
  3640 | D:6      | Reached XP level 8. HP: 55/61 MP: 0/0
  3658 | D:6      | Reached skill level 6 in Fighting
  3772 | D:6      | Noticed Blork the orc
  3857 | D:6      | Shot with an arrow by a centaur

Illustrated notes

Levels and vault maps discovered:
D:1:      spicycebolla_arrival_transporter_tutorial, layout_loops_ring,
          shapermc_ecumenical_altar_hornbeckon
D:2:      layout_basic
D:3:      layout_rooms
D:4:      layout_rooms, grunt_qazlal_sundering
D:5:      layout_basic, overflow_temple_1_default, minmay_crystal_water
D:6:      minmay_diamond_boxcup, layout_cave_pools,
          mainiacjoe_overflow_brackets, uniq_eustachio, uniq_blork_the_orc

Skill      XL: |  1  2  3  4  5  6  7  8 |
---------------+-------------------------+-----
Fighting       | 1 2 3 4 5 6 |  6.7
Spellcasting   | 3 4 5 |  5.8
Dodging        | |  2.1
Stealth        | |  1.5

Action                   |  1- 3 |  4- 6 |  7- 9 || total
-------------------------+-------+-------+-------++-------
Melee: Dagger            |       |    38 |    54 ||    92
       Headbutt          |       |     5 |     1 ||     6
 Cast: Magic Dart        |    98 |   183 |   107 ||   388
       Call Imp          |       |     6 |     2 ||     8
       Blink             |       |     1 |       ||     1
       Mephitic Cloud    |       |     1 |     4 ||     5
       Beastly Appendage |       |     1 |     1 ||     2
  Use: Scroll            |       |     4 |     5 ||     9
       Potion            |       |     1 |       ||     1
 Stab: Confused          |       |       |     1 ||     1
Armor: Robe              |     7 |    12 |    32 ||    51
Dodge: Dodged            |    16 |    54 |    55 ||   125

Table legend: (Time is in decaauts)
 A = Elapsed time spent in this place.
 B = Non-inter-level travel time spent in this place.
 C = Inter-level travel time spent in this place.
 D = Time resting spent in this place.
 E = Time spent auto-exploring this place.
 F = Levels seen in this place.
 G = Mean time per level.
                   A        B        C        D        E       F      G
               +--------+--------+--------+--------+--------+-----+--------+
         Total |   3854 |   3601 |    253 |    161 |   2533 |   6 |  642.3 |
       Dungeon |   3854 |   3601 |    253 |    161 |   2533 |   6 |  642.3 |
               +--------+--------+--------+--------+--------+-----+--------+

Top non-repeatable levels by time:
     D:2: 852 daAuts
     D:1: 821 daAuts
     D:5: 768 daAuts
     D:3: 705 daAuts
     D:4: 421 daAuts
     D:6: 285 daAuts
